 Dungeon Crawl Stone Soup version 0.19-a0-1937-g70ed36a (console) character file.

23 Blackmore the Chiller (level 2, -2/15 HPs)
             Began as a Deep Elf Ice Elementalist on Oct 27, 2016.
             Slain by Terence
             ... wielding a +0 hand axe
              (4 damage)
             ... on level 2 of the Dungeon.
             The game lasted 00:04:35 (1203 turns).

Blackmore the Chiller (Deep Elf Ice Elementalist)   Turns: 1203, Time: 00:04:36

Health: -2/15      AC:  2    Str:  5    XL:     2   Next: 75%
Magic:  4/8        EV: 13    Int: 19    God:
Gold:   68         SH:  0    Dex: 15    Spells: 2 memorised, 4 levels left

rFire  . . .     SeeInvis .     f - +0 dagger
rCold  . . .     Gourm    .     a - +0 robe
rNeg   . . .     Faith    .     (no shield)
rPois  .         Spirit   .     (no helmet)
rElec  .         Reflect  .     (no cloak)
rCorr  .         Harm     .     (no gloves)
MR     .....                    (no boots)
Stlth  ++........               (no amulet)
                                (no ring)
                                (no ring)

@: very slightly contaminated
A: no striking features
a: no special abilities


You were on level 2 of the Dungeon.
You were not hungry.

You visited 1 branch of the dungeon, and saw 2 of its levels.

You collected 68 gold pieces.

Inventory:

Hand Weapons
 f - a +0 dagger (weapon)
Armour
 a - a +0 robe (worn)
Scrolls
 d - a scroll of magic mapping {unknown}
 e - a scroll of remove curse {unknown}
 g - 2 scrolls of identify {unknown}
 h - 3 scrolls of teleportation {unknown}
 i - a scroll of amnesia {unknown}
 l - a scroll of fog {unknown}
 m - a scroll of random uselessness {unknown}
Potions
 j - a potion of curing
 k - a potion of brilliance {unknown}
 o - a potion of invisibility {unknown}
Books
 b - a book of Frost

   Spells                             Type                      Level
   a - Freeze                         Ice                          1
   b - Throw Frost                    Conjuration/Ice              2
   c - Ozocubu's Armour               Charms/Ice                   3
   d - Throw Icicle                   Conjuration/Ice              4
   e - Summon Ice Beast               Ice/Summoning                4
Comestibles
 c - a bread ration
 n - a chunk of flesh


   Skills:
 + Level 2.7 Dodging
 + Level 2.7 Stealth
 * Level 3.4 Spellcasting
 + Level 1.1 Conjurations
 * Level 3.9 Ice Magic


You had 4 spell levels left.
You knew the following spells:

 Your Spells              Type           Power        Failure   Level  Hunger
a - Freeze                Ice            ###.         3%          1    None
b - Throw Frost           Conj/Ice       ##....       10%         2    ##.....


Dungeon Overview and Level Annotations

Branches:
Dungeon (2/15)

Altars:

Annotations:
D:2 Terence


Message History

Nothing appears to happen.
The jackal barks!
Terence closely misses you.
Casting: Freeze
Confirm with . or Enter, or press ? or * to list all spells.
Aiming: Freeze
Press: ? - help, Shift-Dir - straight line, f/p - Terence
Aim: Terence, wielding a hand axe and wearing a scale mail (heavily wounded)
You freeze Terence.
Terence is severely wounded.
Terence drinks a potion.
Terence is healed!
Casting: Freeze
Confirm with . or Enter, or press ? or * to list all spells.
Aiming: Freeze
Press: ? - help, Shift-Dir - straight line, f/p - Terence
Aim: Terence, wielding a hand axe and wearing a scale mail (moderately wounded)
You freeze Terence.
Terence is heavily wounded.
The jackal barely misses you. Terence hits you with a hand axe.
You die...

....... #...........#
........##...........###
........###...####.....#
..............########.#
^...............# #...#
................# #.###
###.......#.....# #.#
.......@..#.....# #.#
....h.h@..##....# #.#
....#.........### #.#
... #.........# #.#
...........# #.#
............# #.#
..............# #.#
.....#........# #.#
..............# #.#
########.#


You could see Terence and 2 jackals.

Vanquished Creatures
  An adder (D:2)
  3 goblins (D:1)
  2 hobgoblins (D:1)
  A jackal (D:2)
  3 bats (D:1)
  A kobold (D:1)
  3 rats (D:1)
14 creatures vanquished.

Notes
Turn   | Place    | Note
-------+----------+-------------------------------------------
     0 | D:1      | Blackmore the Deep Elf Ice Elementalist began the quest for the Orb.
     0 | D:1      | Reached XP level 1. HP: 10/10 MP: 6/6
   534 | D:1      | Reached XP level 2. HP: 15/15 MP: 6/8
  1135 | D:2      | Learned a level 2 spell: Throw Frost
  1194 | D:2      | Noticed Terence
  1203 | D:2      | Slain by Terence

Vault maps used:
D:1:      matt_arrival_los_fun, serial_forest, infiniplex_forest_side_room,
          infiniplex_forest_lined_3, infiniplex_forest_straight_5,
          infiniplex_forest_clump_cross
D:2:      first_bread, uniq_crazy_yiuf_cottage, uniq_terence

Action                   || total
-------------------------++-------
Melee: Dagger            ||     8
       Unarmed           ||     1
 Cast: Freeze            ||    14
 Stab: Sleeping          ||     5
  Eat: Chunk             ||     1
Dodge: Dodged            ||    11
